 Dungeon Crawl Stone Soup version 0.30-a0-393-g54b8e3be05 (webtiles) character file.

Game seed: 15045960590065060847

50 Engwar the Insei (level 3, -6/23 HPs)
             Began as an Octopode Transmuter on Dec 5, 2022.
             Mangled by Crazy Yiuf
             ... wielding a +2 quarterstaff of chaos
              (7 damage)
             ... on level 2 of the Dungeon.
             The game lasted 00:02:14 (1056 turns).

Engwar the Insei (Octopode Transmuter)              Turns: 1056, Time: 00:02:15

Health: -6/23      AC:  1    Str: 15    XL:     3   Next: 79%
Magic:  5/6        EV: 13    Int: 17    God:
Gold:   93         SH:  0    Dex: 12    Spells: 4/7 levels left

rFire   . . .      SeeInvis .      - Unarmed
rCold   . . .      Faith    .    (no shield)
rNeg    . . .      Spirit   .    (helmet currently unavailable)
rPois   .          Reflect  .    (no amulet)
rElec   .          Harm     .    m - +6 ring of strength
rCorr   .          Rampage  .    (no ring)
Will    .....                    (no ring)
Stlth   +++.......               (no ring)
HPRegen 0.23/turn                (no ring)
MPRegen 0.10/turn                (no ring)
                                 (no ring)
                                 (no ring)

@: appendages
A: tentacle spike 3, almost no armour, amphibious, 8 rings, camouflage 1,
gelatinous body 1, (nimble swimmer 1), tentacles
a: End Transformation


You were on level 2 of the Dungeon.
One of your tentacles had grown a beastly spike.
You visited 1 branch of the dungeon, and saw 2 of its levels.

You collected 93 gold pieces.

Inventory:

Missiles
 c - 17 stones
 g - 4 poisoned darts
Jewellery
 m - a +6 ring of strength (left tentacle)
 n - a ring of fire
 o - a +6 ring of intelligence
Scrolls
 b - a scroll of noise {unknown}
 e - a scroll of teleportation {unknown}
 f - 2 scrolls of identify {unknown}
 j - 3 scrolls of fear {unknown}
 k - a scroll of amnesia {unknown}
 l - a scroll of fog {unknown}
Potions
 a - a potion of lignification
 d - 4 potions of heal wounds {unknown}
 h - a potion of mutation {unknown}
 i - a potion of curing {unknown}


   Skills:
 - Level 1.0 Fighting
 - Level 2.0 Dodging
 - Level 1.0 Stealth
 + Level 3.5 Unarmed Combat
 + Level 2.6 Spellcasting
 + Level 2.7 Transmutations


You had 4 spell levels left.
You knew the following spells:

 Your Spells              Type           Power      Damage    Failure   Level
a - Beastly Appendage     Tmut           22%        N/A       6%          1
b - Wereblood             Tmut           11%        N/A       9%          2

Your spell library contained the following spells:

 Spells                   Type           Power      Damage    Failure   Level
 Sublimation of Blood     Necr           2%         N/A       28%         2
 Spider Form              Tmut/Pois      6%         N/A       30%         3
 Ice Form                 Ice/Tmut       6%         N/A       71%         4
 Summon Hydra             Summ           1%         N/A       100%        7


Dungeon Overview and Level Annotations

Branches:
Dungeon (2/15)

Altars:

Annotations:
D:2 Crazy Yiuf


Innate Abilities, Weirdness & Mutations

One of your tentacles has grown a beastly spike.
You cannot wear most types of armour.
You are amphibious.
You can wear up to eight rings at the same time.
Your skin changes colour to match your surroundings (Stealth+).
Your rubbery body absorbs attacks. (AC +1, EV +1)
((You are camouflaged when in or above water. (Stealth+)))
You have tentacles for arms and can constrict up to eight enemies at once.


Message History

The goblin hits you with a +0 club.
You tentacle-slap the goblin.
You kill the goblin!
No target in view!
No target in view!
No target in view!
No target in view!
Things that are here:
a +0 club; a goblin corpse
Found a falchion.
You now have 88 gold pieces (gained 6).
You now have 93 gold pieces (gained 5).
o - a +6 ring of intelligence
Found a hammer.
Found a runed translucent door.
Casting: Beastly Appendage (safe; 6% risk of failure)
Confirm with . or Enter, or press ? or * to list all spells.
One of your tentacles grows a vicious spike.
Crazy Yiuf shouts!
You open the door. You barely miss Crazy Yiuf. You grab Crazy Yiuf.
You pierce Crazy Yiuf.
Crazy Yiuf is lightly wounded.
You constrict Crazy Yiuf, but do no damage.
You tentacle-slap Crazy Yiuf.
Crazy Yiuf is lightly wounded.
You constrict Crazy Yiuf.
Crazy Yiuf hits you with a +2 quarterstaff of chaos.
Crazy Yiuf freezes you.
You tentacle-slap Crazy Yiuf but do no damage.
Crazy Yiuf is moderately wounded.
You constrict Crazy Yiuf.
Crazy Yiuf hits you with a +2 quarterstaff of chaos!
Ouch! That really hurt!
* * * LOW HITPOINT WARNING * * *
Crazy Yiuf freezes you.
* * * LOW HITPOINT WARNING * * *
You tentacle-slap Crazy Yiuf.
Crazy Yiuf is heavily wounded.
You constrict Crazy Yiuf.
Crazy Yiuf hits you with a +2 quarterstaff of chaos!
You die...

#........###
#####......#
###..### #....#
##### #.#.## #..)#
#####.#.# #...#
...#...# ... #.#..##
#g# #####....# ##@#
#........### #.##
#.####†#...# ##.#
..####.....# #.##
...........# ##.##
#..........# #...##
###........# #....#
#........# ##..##
#........###....####


You could see Crazy Yiuf.

Vanquished Creatures
  Terence (D:2)
  A ball python (D:1)
  2 endoplasms
  2 giant cockroaches (D:1)
  3 goblins
  A hobgoblin (D:1)
  4 kobolds
  3 quokkas
  4 bats
  3 frilled lizards (D:1)
  2 rats (D:1)
26 creatures vanquished.

Notes
Turn   | Place    | Note
-------+----------+-------------------------------------------
     0 | D:1      | Engwar the Octopode Transmuter began the quest for the Orb.
     0 | D:1      | Reached XP level 1. HP: 13/13 MP: 3/3
   227 | D:1      | Reached skill level 1 in Stealth
   227 | D:1      | Reached XP level 2. HP: 13/18 MP: 3/5
   239 | D:1      | Learned a level 2 spell: Wereblood
   869 | D:2      | Noticed Terence
   879 | D:2      | Killed Terence
   880 | D:2      | Reached XP level 3. HP: 16/23 MP: 4/6
  1046 | D:2      | Found a runed translucent door.
  1047 | D:2      | Noticed Crazy Yiuf
  1055 | D:2      | HP: 1/23 [Crazy Yiuf/+2 quarterstaff of chaos (3)]
  1056 | D:2      | Mangled by Crazy Yiuf

Illustrated notes

Levels and vault maps discovered:
D:1:      nicolae_arrival_washed_ashore, layout_loops_ring
D:2:      layout_rooms, uniq_crazy_yiuf_cottage, uniq_terence

Skill      XL: |  1 |
---------------+----+-----
Stealth        | 1 |  1.0
Fighting       | |  1.0
Dodging        | |  2.0
Unarmed Combat | |  3.5
Spellcasting   | |  2.6
Transmutations | |  2.7

Action                   || total
-------------------------++-------
Melee: Unarmed           ||    57
       Constrict         ||    18
       Kick              ||    10
       Tentacles         ||    13
 Cast: Beastly Appendage ||     6
 Stab: Sleeping          ||     9
Armor: Skin              ||     6
Dodge: Dodged            ||    39

Table legend: (Time is in decaauts)
 A = Elapsed time spent in this place.
 B = Non-inter-level travel time spent in this place.
 C = Inter-level travel time spent in this place.
 D = Time resting spent in this place.
 E = Time spent auto-exploring this place.
 F = Levels seen in this place.
 G = Mean time per level.
                   A        B        C        D        E       F      G
               +--------+--------+--------+--------+--------+-----+--------+
         Total |   1051 |   1032 |     19 |      0 |    818 |   2 |  525.5 |
       Dungeon |   1051 |   1032 |     19 |      0 |    818 |   2 |  525.5 |
               +--------+--------+--------+--------+--------+-----+--------+

Top non-repeatable levels by time:
     D:1: 843 daAuts
     D:2: 208 daAuts
